 Dungeon Crawl Stone Soup version 0.29.1-13-g9f3cf754e1 (webtiles) character file.

Game seed: 7752940096643887736

53 Thatpatchoflichen the Ducker (level 3, -3/30 HPs)
             Began as a Draconian Gladiator on Feb 1, 2023.
             Slain by a gnoll
             ... wielding a +0 flail
              (4 damage)
             ... on level 2 of the Dungeon.
             The game lasted 00:02:03 (1366 turns).

Thatpatchoflichen the Ducker (Draconian Gladiator)  Turns: 1366, Time: 00:02:04

Health: -3/30      AC:  5    Str: 18    XL:     3   Next: 64%
Magic:  3/3        EV: 13    Int:  8    God:
Gold:   101        SH:  0    Dex: 12    Spells: 2/2 levels left

rFire   . . .      SeeInvis .   a - +0 trident
rCold   . . .      Faith    .   (no shield)
rNeg    . . .      Spirit   .   (body armour unavailable)
rPois   .          Reflect  .   b - +0 hat
rElec   .          Harm     .   (no cloak)
rCorr   .          Rampage  .   (no gloves)
Will    .....                   (no boots)
Stlth   +.........              (no amulet)
HPRegen 0.10/turn               (no ring)
MPRegen 0.08/turn               (no ring)

@: no status effects
A: AC +5, unfitting armour, cold-blooded
a: no special abilities


You were on level 2 of the Dungeon.
You visited 1 branch of the dungeon, and saw 2 of its levels.

You collected 101 gold pieces.

Inventory:

Hand Weapons
 a - a +0 trident (weapon)
Missiles
 c - 3 throwing nets (quivered)
 d - a javelin
Armour
 b - a +0 hat (worn)
 k - a +0 kite shield
Jewellery
 j - an amulet of guardian spirit
Scrolls
 f - 2 scrolls of identify {unknown}
 g - a scroll of enchant weapon {unknown}
 h - a scroll of teleportation {unknown}
Potions
 e - a potion of heal wounds {unknown}
 i - a potion of might {unknown}


   Skills:
 + Level 2.9 Fighting
 + Level 3.4 Polearms
 - Level 1.7 Throwing
 * Level 3.5 Dodging


You had 2 spell levels left.
You didn't know any spells.
Your spell library contained the following spells:

 Spells                   Type           Power      Damage    Failure   Level
 Summon Small Mammal      Summ           0%         N/A       41%         1
 Call Canine Familiar     Summ           0%         N/A       78%         3
 Summon Guardian Golem    Hex/Summ       0%         N/A       78%         3


Dungeon Overview and Level Annotations

Branches:
Dungeon (2/15)

Altars:

Shops:
D:2 *


Innate Abilities, Weirdness & Mutations

Your plain brown scales are hard. (AC +5)
You cannot fit into any form of body armour.
You are cold-blooded and may be slowed by cold attacks.


Message History

You kill the gnoll!
Things that are here:
a +0 spear; a gnoll corpse You puncture the gnoll!
The gnoll is heavily wounded.
You closely miss the gnoll. You barely miss the gnoll.
The gnoll shouts!
You tail-slap the gnoll.
The gnoll is moderately wounded.
The gnoll barely misses you. x2
You completely miss the gnoll.
The gnoll is moderately wounded.
The gnoll hits you with a +0 club. The gnoll hits you with a +0 flail.
You barely miss the gnoll. You tail-slap the gnoll.
The gnoll is moderately wounded.
The gnoll barely misses you. The gnoll hits you with a +0 flail!
The gnoll hits you with a +0 flail.
* * * LOW HITPOINT WARNING * * *
The gnoll hits you with a +0 club.
* * * LOW HITPOINT WARNING * * *
You start putting on your amulet.
You continue putting on your amulet of guardian spirit.
The gnoll hits you but does no damage.
Keep equipping yourself? [Y]es or [N]o only, please.
Keep equipping yourself? [Y]es or [N]o only, please.
Keep equipping yourself? [Y]es or [N]o only, please.
Keep equipping yourself? [Y]es or [N]o only, please.
Keep equipping yourself? [Y]es or [N]o only, please.
Keep equipping yourself?
You stop putting on your amulet.
The gnoll hits you with a +0 club.
* * * LOW HITPOINT WARNING * * *
The gnoll barely misses you. The gnoll attacks as you move away!
The gnoll hits you with a +0 flail.
You die...

..... ..#..### ### .
........ ..# #.
#.#....####.## ...
...#......)..# .#..
.......#.##..####
..... #...#.##..##..
......#####.......##.#
.....B.g@....####.##.#
####.g.g....## #.##.##
######..## #..†.)###
#..........##.....
#.....#########.###
#.......# ##.#.#
#..)∩.....####....###
+.........+..........
####.<..###


You could see 3 gnolls and a giant cockroach.

Vanquished Creatures
  A gnoll (D:2)
  A dart slug (D:2)
  2 ball pythons
  2 bats
  2 endoplasms (D:1)
  A giant cockroach (D:1)
  3 goblins (D:1)
  6 hobgoblins (D:1)
  7 jackals (D:1)
  5 kobolds
  A quokka (D:1)
  2 frilled lizards (D:1)
33 creatures vanquished.

Notes
Turn   | Place    | Note
-------+----------+-------------------------------------------
     0 | D:1      | Thatpatchoflichen the Draconian Gladiator began the quest
                  | for the Orb.
     0 | D:1      | Reached XP level 1. HP: 17/17 MP: 1/1
   214 | D:1      | Reached XP level 2. HP: 18/25 MP: 2/2
   507 | D:1      | Found a faded altar of an unknown god.
   758 | D:1      | Reached XP level 3. HP: 26/30 MP: 3/3
  1344 | D:2      | Found Patruit's Assorted Antiques.
  1364 | D:2      | HP: 1/30 [gnoll/+0 club (1)]
  1366 | D:2      | Slain by a gnoll

Illustrated notes

Levels and vault maps discovered:
D:1:      roderic_octagonal_star, layout_loops_ring,
          shapermc_ecumenical_altar_venn
D:2:      layout_loops_corners, serial_shops, shop, minmay_liquid_box,
          hangedman_decor_lopped

Skill      XL: |  1 |
---------------+----+-----
Dodging        | 3 |  3.5
Fighting       | |  2.9
Polearms       | |  3.4
Throwing       | |  1.7

Action                   || total
-------------------------++-------
Melee: Trident           ||    85
       Tailslap          ||    10
 Stab: Sleeping          ||     2
       Distracted        ||     1
Armor: Skin              ||    41
Dodge: Dodged            ||    89
